 Dungeon Crawl Stone Soup version 0.21-a0-273-g0785366 (webtiles) character file.

61180 nikopol the Severer (level 14, -12/199 HPs)
             Began as a Minotaur Berserker on Sept 16, 2017.
             Was a High Priest of Trog.
             Mangled by Frances
             ... wielding a +0 glaive
              (17 damage)
             ... on level 14 of the Dungeon on Sept 17, 2017.
             The game lasted 01:01:28 (22128 turns).

nikopol the Severer (Minotaur Berserker)           Turns: 22128, Time: 01:01:29

Health: -12/199    AC: 22    Str: 36    XL:     14   Next: 59%
Magic:  7/7        EV: 14    Int:  9    God:    Trog [*****.]
Gold:   1264       SH:  0    Dex: 20    Spells: 13/13 levels left

rFire    + . .     SeeInvis +   a - +6 battleaxe (antimagic)
rCold    + . .     Gourm    +   (shield currently unavailable)
rNeg     . . .     Faith    .   b - +3 chain mail {rF+}
rPois    .         Spirit   .   g - +3 hat of Pondering {ponderous, MR+ MP+10 Int+5}
rElec    .         Reflect  .   W - scarf "Safyub" {rC+ Regen+}
rCorr    .         Harm     .   r - +1 pair of gloves of Sloth {Str+9 Stlth+}
MR       +....                  v - +0 pair of boots
Stlth    ..........             I - amulet of the gourmand
HPRegen  0.83/turn              t - +5 ring of dexterity
MPRegen  0.10/turn              k - ring of see invisible

@: berserking (expiring), vulnerable, very quick
A: retaliatory headbutt, horns 2
a: Berserk, Trog's Hand, Brothers in Arms, Burn Spellbooks, Renounce Religion


You were on level 14 of the Dungeon.
You worshipped Trog.
Trog was extremely pleased with you.
You were very full.

You visited 2 branches of the dungeon, and saw 20 of its levels.
You also visited: Labyrinth and Volcano.

You collected 1701 gold pieces.
You spent 437 gold pieces at shops.

Inventory:

Hand Weapons
 a - a +6 antimagic battleaxe (weapon)
 z - a +1 longbow of flaming
Missiles
 i - 137 arrows
Armour
 b - a +3 chain mail of fire resistance (worn)
 g - the +3 hat of Pondering (worn) {ponderous, MR+ MP+10 Int+5}
   (You took it off Gastronok on level 11 of the Dungeon)

   It affects your intelligence (+5).
   It affects your resistance to hostile enchantments.
   It affects your magic capacity (+10).
 r - the +1 pair of gloves of Sloth (worn) {Str+9 Stlth+}
   (You found it on level 2 of the Lair of Beasts)

   It affects your strength (+9).
   It makes you more stealthy.
 v - a +0 pair of boots (worn)
 T - a +2 cloak
 W - the scarf "Safyub" (worn) {rC+ Regen+}
   (You bought it in a shop on level 9 of the Dungeon)

   It protects you from cold.
   It increases your rate of regeneration.
Jewellery
 k - a ring of see invisible (right hand)
 t - a +5 ring of dexterity (left hand)
 A - an uncursed ring of protection from cold
 B - an uncursed ring of flight
 I - an amulet of the gourmand (around neck)
 K - an uncursed amulet of rage {unknown}
 R - an uncursed ring of protection from fire
Wands
 d - a wand of polymorph (16/24)
Scrolls
 f - 6 scrolls of teleportation
 q - 6 scrolls of recharging
 s - 11 scrolls of remove curse
 w - 3 scrolls of identify
 y - a scroll of torment {unknown}
 C - 2 scrolls of enchant weapon
 F - 3 scrolls of amnesia {unknown}
 G - 2 scrolls of fog {unknown}
 H - a scroll of silence {unknown}
 L - 2 scrolls of blinking {unknown}
 M - a scroll of vulnerability {unknown}
 N - a scroll of fear
Potions
 c - 10 potions of curing
 e - 5 potions of might
 h - 2 potions of invisibility
 l - 2 potions of lignification
 m - 4 potions of mutation
 p - 2 potions of agility
 u - 3 potions of heal wounds
 D - 5 potions of resistance
 E - a potion of brilliance
 Q - 3 potions of haste
 S - 2 potions of cancellation
 X - 2 potions of experience
 Y - 3 potions of ambrosia
 Z - 5 potions of berserk rage
Comestibles
 j - 16 royal jellies
 o - 25 fruits
 x - 11 meat rations
 J - 10 bread rations


   Skills:
 + Level 14.4 Fighting
 + Level 16.7 Axes
 + Level 14.3 Bows
 + Level 11.9 Armour
 + Level 6.6 Dodging
 + Level 3.0 Stealth


You had 13 spell levels left.
You didn't know any spells.

Dungeon Overview and Level Annotations

Branches:
Dungeon (14/15)            Temple (0/1) D:6            Lair (6/6) D:8
  Swamp (0/4) Lair:3       Spider (0/4) Lair:3        Slime (0/5) Lair:5
    Orc (0/2) D:12
 Vaults: D:13-14

Altars:
Ashenzari
Cheibriados
Dithmenos
Elyvilon
Gozag
Hepliaklqana
Makhleb
Okawaru
Ru
Sif Muna
Wu Jian
Xom
Yredelemnul
Zin
The Shining One

Shops:
D:4 =   D:6 *   D:9 [

Annotations:
D:14 1 runed door, Frances


Innate Abilities, Weirdness & Mutations

You reflexively headbutt those who attack you in melee.
You have a pair of horns on your head.


Message History

The rust devil screeches!
Frances chants phrases taken from a devil's mouth.
The iron shot hits you!
* * * LOW HITPOINT WARNING * * *
The ufetubus shouts!
You slice Frances!!
Frances's magic leaks into the air.
You headbutt Frances!!
Frances is moderately wounded.
Frances hits you with a glaive!!
* * * LOW HITPOINT WARNING * * *
The ynoxinul gestures.
You slice Frances!!
Frances's magic leaks into the air.
You headbutt Frances!!
Frances is severely wounded.
Frances hits you with a glaive!
* * * LOW HITPOINT WARNING * * *
You slash Frances!
Frances's magic leaks into the air.
You headbutt Frances!!
Frances is almost dead.
You completely miss Frances. You headbutt Frances!
Frances is almost dead.
Frances hits you with a glaive!
You die...

.# #.# .# #.# #..# .#
#[# #..# .# #.# #..# .#
#.# #..# .# #)# #..#
.#######.######..#
...............).#####5.
...............!@@WW3545
########################


You could see Frances, a phantasmal warrior, a rust devil, a freezing wraith, a
ynoxinul and 3 ufetubi.

Vanquished Creatures
  Gastronok (D:11)
  A minotaur (Lab)
  A fire dragon (Lair:6)
  Harold (Lair:3)
  4 hydras
  A death knight (D:14)
  Erica (Lair:1)
  A two-headed ogre (D:8)
  A hell hog (Volcano)
  Urug (D:11)
  3 death yaks (Lair:3)
  Sonja (D:13)
  A fire crab (Volcano)
  3 skeletal warriors (D:12)
  2 phantasmal warriors (D:14)
  A lindwurm (Lair:6)
  2 ugly things
  A deep elf mage (D:14)
  3 cyclopes (D:12)
  A manticore (D:13)
  5 black mambas
  A black mamba (shapeshifter) (D:11)
  Maurice (D:9)
  13 elephants
  A gargoyle (D:11)
  Joseph (D:7)
  4 molten gargoyles
  4 spiny frogs
  12 komodo dragons
  2 rime drakes
  A komodo dragon (shapeshifter) (D:13)
  4 polar bears
  3 tyrant leeches (Lair:3)
  A troll (D:9)
  3 hornets
  5 dream sheep (Lair:6)
  6 slime creatures
  Prince Ribbit (D:9)
  A meliai zombie (D:10)
  8 hippogriffs
  Sigmund (D:2)
  A wraith (D:13)
  A vampire (D:12)
  A shadow (D:12)
  4 wyverns
  33 yaks
  6 fire bats (Volcano)
  5 basilisks
  2 hungry ghosts
  7 vampire mosquitoes
  A steam dragon (Lair:6)
  Menkaure (D:7)
  2 wargs (D:12)
  3 soldier ants (D:12)
  7 hell hounds
  9 porcupines
  2 hornet zombies
  9 water moccasins
  5 ice beasts
  A black bear (Lair:3)
  5 orc warriors
  4 sky beasts
  A necrophage (D:9)
  3 phantoms
  10 wolves
  An eye of draining (D:9)
  8 ogres
  7 centaurs
  13 crocodiles
  22 bullfrogs
  4 scorpions
  A water moccasin skeleton (D:5)
  8 killer bees
  6 electric eels
  13 wights
  4 howler monkeys
  A crimson imp (D:10)
  4 hounds
  14 lava snakes
  2 centaur zombies
  16 jellies
  2 bullfrog zombies (D:9)
  A centaur skeleton (D:9)
  5 orc priests
  4 bullfrog skeletons
  Terence (D:2)
  5 iguanas
  14 orc wizards
  6 hell rats
  6 worker ants
  2 hound zombies
  A worker ant zombie (D:9)
  Robin (D:2)
  4 gnolls (D:8)
  A howler monkey skeleton (D:4)
  8 adders
  2 river rats (D:8)
  5 shadow imps
  3 oozes
  2 adder zombies (D:7)
  An adder skeleton (D:5)
  6 worms
  3 dart slugs
  13 leopard geckos
  45 orcs
  6 giant cockroaches
  15 goblins
  17 hobgoblins
  17 jackals
  9 kobolds
  5 quokkas
  A ball python skeleton (D:5)
  8 bats
  6 frilled lizards
  A goblin zombie (D:9)
  A hobgoblin zombie (D:9)
  A jackal skeleton (D:4)
  2 kobold skeletons (D:9)
  3 kobold zombies (D:9)
  An orc skeleton (D:9)
  An orc zombie (D:9)
  3 quokka skeletons
  A quokka zombie (D:6)
  11 rats
  2 fungi
  A plant (Lair:1)
609 creatures vanquished.

Vanquished Creatures (collateral kills)
  3 death yaks (D:8)
3 creatures vanquished.

Vanquished Creatures (others)
  3 fungi
  6 plants
9 creatures vanquished.

Grand Total: 621 creatures vanquished

Notes
Turn   | Place    | Note
-------+----------+-------------------------------------------
     0 | D:1      | nikopol the Minotaur Berserker began the quest for the Orb.
     0 | D:1      | Reached XP level 1. HP: 19/19 MP: 0/0
   245 | D:1      | Reached XP level 2. HP: 24/27 MP: 1/1
   318 | D:1      | Reached skill level 4 in Axes
   478 | D:1      | Reached ** piety under Trog
   478 | D:1      | Reached XP level 3. HP: 33/33 MP: 2/2
   871 | D:2      | Noticed Sigmund
   895 | D:2      | Killed Sigmund
   895 | D:2      | Reached skill level 5 in Axes
   895 | D:2      | Reached XP level 4. HP: 41/41 MP: 3/3
   895 | D:2      | Reached XP level 5. HP: 47/47 MP: 4/4
  1029 | D:2      | Found an iron altar of Okawaru.
  1034 | D:2      | Found a shadowy altar of Dithmenos.
  1229 | D:2      | Noticed Terence
  1230 | D:2      | Found a sacrificial altar of Ru.
  1235 | D:2      | Killed Terence
  1235 | D:2      | Reached skill level 5 in Fighting
  1235 | D:2      | Reached skill level 6 in Axes
  1235 | D:2      | Reached XP level 6. HP: 48/56 MP: 5/5
  1257 | D:2      | Found a shattered altar of Ashenzari.
  1359 | D:2      | Noticed Robin
  1362 | D:2      | Reached *** piety under Trog
  1372 | D:2      | Killed Robin
  1384 | D:2      | HP: 2/56 [poisoned by Robin]
  1389 | D:2      | HP: 2/56 [poisoned by Robin]
  2700 | D:3      | Found a deep blue altar of Sif Muna.
  2771 | D:3      | Reached XP level 7. HP: 53/61 MP: 6/6
  2780 | D:3      | Reached skill level 5 in Armour
  2950 | D:4      | Reached skill level 7 in Axes
  3606 | D:4      | Found Neimamp's Jewellery Shop.
  3920 | D:5      | Entered Level 5 of the Dungeon
  3954 | D:5      | Reached **** piety under Trog
  4106 | D:5      | Reached XP level 8. HP: 53/70 MP: 7/7
  4135 | D:5      | Reached skill level 8 in Axes
  4153 | D:5      | Reached skill level 1 in Stealth
  4164 | D:5      | Found a shimmering altar of Xom.
  4165 | D:5      | Found a hazy altar of Hepliaklqana.
  4166 | D:5      | Noticed a spectral ugly thing
  4546 | D:5      | Found an opulent altar of Gozag.
  4735 | D:5      | Found a burning altar of Makhleb.
  4735 | D:5      | Noticed an Executioner
  4937 | D:6      | Found Zin's Purification Station.
  4938 | D:6      | Found a glowing silver altar of Zin.
  5049 | D:6      | Reached skill level 9 in Axes
  5353 | D:6      | Reached XP level 9. HP: 71/79 MP: 8/8
  5543 | D:6      | Found a staircase to the Ecumenical Temple.
  5700 | D:7      | Reached skill level 10 in Axes
  5743 | D:7      | Noticed Menkaure
  5755 | D:7      | Killed Menkaure
  5784 | D:7      | Found an ornate altar of the Wu Jian Council.
  5851 | D:7      | Reached skill level 1 in Bows
  5851 | D:7      | Reached skill level 5 in Dodging
  6264 | D:7      | Noticed Joseph
  6978 | D:7      | Killed Joseph
  7319 | D:8      | Reached skill level 5 in Bows
  7391 | D:8      | Reached ***** piety under Trog
  7580 | D:8      | Noticed a two-headed ogre
  7590 | D:8      | Killed a two-headed ogre
  7590 | D:8      | Reached XP level 10. HP: 50/90 MP: 9/9
  7657 | D:8      | Noticed a death yak
  7673 | D:8      | Noticed a death yak
  7677 | D:8      | Noticed a death yak
  7935 | D:8      | Killed a death yak
  7939 | D:8      | Killed a death yak
  7939 | D:8      | Reached skill level 11 in Axes
  7943 | D:8      | Killed a death yak
  8097 | D:8      | Found a staircase to the Lair.
  8329 | D:9      | Paralysed by a hornet for 3 turns
  8336 | D:9      | Received a gift from Trog
  8756 | D:9      | Noticed Prince Ribbit
  8766 | D:9      | Noticed Maurice
  9037 | D:9      | Killed Maurice
  9273 | D:9      | Reached XP level 11. HP: 34/99 MP: 10/10
  9329 | D:9      | Killed Prince Ribbit
  9640 | D:9      | Found a glowing golden altar of the Shining One.
  9820 | D:9      | Found a basalt altar of Yredelemnul.
  9924 | D:9      | Found a white marble altar of Elyvilon.
 10062 | D:9      | Found Ymmudgh's Antique Armour Shoppe.
 10080 | D:9      | Bought a glowing chain mail for 187 gold pieces
 10080 | D:9      | Bought a transparent scarf for 250 gold pieces
 10097 | D:9      | Identified the cursed scarf "Safyub" {rC+ Regen+} (You bought it in a shop on level 9 of the Dungeon)
 10163 | D:9      | Found a snail-covered altar of Cheibriados.
 10194 | D:10     | Entered Level 10 of the Dungeon
 10205 | D:10     | Reached skill level 10 in Fighting
 11252 | D:11     | Reached skill level 12 in Axes
 11302 | D:11     | Received a gift from Trog
 11402 | D:11     | Noticed Gastronok
 11430 | D:11     | Killed Gastronok
 11430 | D:11     | Reached skill level 10 in Bows
 11552 | D:11     | Noticed Urug
 11573 | D:11     | Noticed a purple ugly thing
 11589 | D:11     | Killed a purple ugly thing
 11603 | D:11     | Killed Urug
 12256 | Lair:1   | Entered Level 1 of the Lair of Beasts
 12475 | Lair:1   | Reached XP level 12. HP: 103/110 MP: 7/11
 12545 | Lair:1   | Noticed Erica
 12555 | Lair:1   | Killed Erica
 12555 | Lair:1   | Reached skill level 13 in Axes
 13091 | Lair:2   | Found a dark tunnel.
 13100 | Volcano  | Entered a volcano
 13440 | Volcano  | Found a burning altar of Makhleb.
 13440 | Volcano  | Noticed a hell hog
 13461 | Volcano  | Killed a hell hog
 13658 | Volcano  | Received a gift from Trog
 14054 | Lair:2   | Got a pair of spiked gloves
 14409 | Lair:2   | Identified the +1 pair of gloves of Sloth {Str+9 Stlth+} (You found it on level 2 of the Lair of Beasts)
 14521 | Lair:3   | Reached skill level 10 in Armour
 14559 | Lair:3   | Found a hole to the Spider Nest.
 14749 | Lair:3   | Noticed Harold
 14872 | Lair:3   | Killed Harold
 14872 | Lair:3   | Reached skill level 14 in Axes
 15145 | Lair:3   | Noticed a death yak
 15151 | Lair:3   | Noticed a death yak
 15153 | Lair:3   | Noticed a death yak
 15158 | Lair:3   | Killed a death yak
 15167 | Lair:3   | Killed a death yak
 15170 | Lair:3   | Killed a death yak
 15379 | Lair:3   | Found a staircase to the Swamp.
 15615 | Lair:4   | Reached XP level 13. HP: 102/118 MP: 7/12
 16863 | Lair:5   | Reached skill level 15 in Axes
 17027 | Lair:5   | Received a gift from Trog
 17222 | Lair:5   | Found a staircase to the Slime Pits.
 17784 | Lair:6   | Entered Level 6 of the Lair of Beasts
 18549 | Lair:6   | Received a gift from Trog
 18670 | Lair:6   | Reached XP level 14. HP: 130/130 MP: 13/13
 18680 | Lair:6   | Reached skill level 16 in Axes
 19192 | Lair:6   | Found a large runed door.
 19192 | Lair:6   | Found a large runed door.
 19976 | D:12     | Found a staircase to the Orcish Mines.
 20611 | D:12     | Received a gift from Trog
 21077 | D:13     | Found a labyrinth entrance.
 21085 | Lab      | Entered a labyrinth
 21271 | Lab      | Identified Spellcasting, Part Four
 21286 | Lab      | Got a polished hand axe
 21293 | D:13     | Identified the +4 hand axe of Destiny {venom, *Slow MR++ Int+3} (You found it in a labyrinth)
 21376 | D:13     | Noticed Sonja
 21382 | D:13     | Killed Sonja
 21968 | D:14     | Found a glowing golden altar of the Shining One.
 21968 | D:14     | Noticed a daeva
 21969 | D:14     | Found a runed door.
 22111 | D:14     | Noticed Frances
 22126 | D:14     | HP: 4/199 [Frances/glaive (9)]
 22128 | D:14     | Mangled by Frances

Vault maps used:
D:1:      lemuel_arrival_behind_the_door_small, corexii_corridor_pit
D:2:      cheibrodos_greedy_goblins, lemuel_round_altar, lemuel_round_altar,
          grunt_temple_overflow_open, uniq_robin, uniq_terence, uniq_sigmund
D:3:      led_sif_pool
D:4:      first_bread, serial_shops, shop, corexii_item_surrounded_by_moat,
          minmay_cupped
D:5:      regret_index_temple_of_mockery, basic_altar, makhleb_altar_promises_db
D:6:      kennysheep_big_flooded_room, zin_purify, temple_hall,
          kennysheep_generic_room_6
D:7:      lemuel_coloured_pillars_altar, minivault_14,
          kennysheep_big_empty_room, kennysheep_generic_room_5, uniq_menkaure,
          uniq_joseph
D:8:      dpeg_lair_monsters
D:9:      kennysheep_ying_yang, nicolae_tso_besieged_by_evil, marbit_many_paths,
          serial_shops, nicolae_shop_waterfront, uniq_prince_ribbit1,
          uniq_maurice
D:11:     uniq_gastronok, uniq_urug
D:12:     erik_orc_3, serial_glass, glass_columns_c, glass_columns_c,
          due_unseen_surprise, feat_on_display, hangedman_pestilent_swarm
D:13:     lab_entry_generic, uniq_sonja
D:14:     david_vaults_5, minmay_fountain_box, serial_shops, shop,
          lemuel_angel_altar, uniq_frances
Lair:1:   st_stairs_3, uniq_erica
Lair:2:   nicolae_volcano_entry_two_sided, grunt_megastairs_5, lemuel_fruit_tree
Lair:3:   minmay_swamp_entry_worms, spider_nest_entry_web_field, uniq_harold
Lair:4:   statuecave_lemuel, minivault_27, beast_lair_carwin_6,
          infiniplex_staircase_pool_2, grunt_megastairs_2
Lair:5:   minmay_slime_entry_jelly_boxes, serial_bayou_lake_a,
          grunt_megastairs_3
Lair:6:   cheibrodos_lair_end_hotspot, serial_bayou, serial_bayou_pond_b,
          serial_bayou_lagoon_b, serial_bayou_pond_e, serial_bayou_pond_e,
          guppyfry_lair_drakes
Lab:      labyrinth_spiral, nicolae_lab_lava, nicolae_lab_checkerboard
Volcano:  volcano_lake

Skill      XL: |  1  2  3  4  5  6  7  8  9 10 11 12 13 14 |
---------------+-------------------------------------------+-----
Fighting       | 4 5 7 8 9 11 12 13 14 | 14.4
Axes           | 4 5 6 7 9 10 11 12 14 15 16 | 16.7
Armour         | 3 4 6 7 8 9 10 11 | 11.9
Dodging        | 3 4 5 6 |  6.6
Stealth        | 1 2 3 |  3.0
Bows           | 6 8 10 12 13 14 | 14.3

Action                   |  1- 3 |  4- 6 |  7- 9 | 10-12 | 13-15 || total
-------------------------+-------+-------+-------+-------+-------++-------
Melee: Hand axe          |    93 |    90 |   373 |   196 |       ||   752
       Headbutt          |    12 |    18 |    74 |   111 |    83 ||   298
       Battleaxe         |       |       |       |   252 |   281 ||   533
 Fire: Shortbow          |       |       |   112 |   469 |   260 ||   841
       Longbow           |       |       |       |       |   156 ||   156
Invok: Berserk           |     1 |     1 |     1 |     5 |     4 ||    12
       Trog's Hand       |       |     1 |       |       |       ||     1
       Burn Spellbooks   |       |       |     1 |     3 |     3 ||     7
       Brothers in Arms  |       |       |       |     1 |       ||     1
  Use: Scroll            |       |       |     2 |     8 |    16 ||    26
 Stab: Sleeping          |       |       |     1 |       |       ||     1
       Distracted        |       |       |       |     1 |       ||     1
  Eat: Chunk             |       |     5 |    40 |    31 |    24 ||   100
       Bread ration      |       |     1 |       |       |       ||     1
Armor: Animal skin       |     4 |       |       |       |       ||     4
       Ring mail         |    27 |    20 |   160 |    44 |       ||   251
       Chain mail        |       |       |       |   163 |   224 ||   387
Dodge: Dodged            |    66 |    58 |   239 |   264 |   243 ||   870

Table legend:
 A = Spawn XP
 B = Non-spawn XP
 C = Spawn XP percentage of total XP
 D = Spawn monster count
 E = Non-spawn monster count
 F = Spawn count percentage of total count
 G = Total turns spent on level
                    A         B        C        D         E        F      G
               +---------+---------+-------+---------+---------+-------+---------
         Total |       0 |   87401 |   0.0 |       0 |     609 |   0.0 | 22128
               +---------+---------+-------+---------+---------+-------+---------
           D:1 |       0 |      57 |   0.0 |       0 |      28 |   0.0 |   728
           D:2 |       0 |     376 |   0.0 |       0 |      44 |   0.0 |  1171
           D:3 |       0 |     327 |   0.0 |       0 |      20 |   0.0 |   985
           D:4 |       0 |     467 |   0.0 |       0 |      25 |   0.0 |  1036
           D:5 |       0 |     742 |   0.0 |       0 |      21 |   0.0 |  1009
           D:6 |       0 |     943 |   0.0 |       0 |      25 |   0.0 |   932
           D:7 |       0 |    1706 |   0.0 |       0 |      21 |   0.0 |  1538
           D:8 |       0 |    3682 |   0.0 |       0 |      32 |   0.0 |   924
           D:9 |       0 |    3844 |   0.0 |       0 |      47 |   0.0 |  1974
          D:10 |       0 |    2956 |   0.0 |       0 |      31 |   0.0 |  1131
          D:11 |       0 |    5971 |   0.0 |       0 |      37 |   0.0 |   959
          D:12 |       0 |    9880 |   0.0 |       0 |      54 |   0.0 |  1138
          D:13 |       0 |    3358 |   0.0 |       0 |      12 |   0.0 |   665
          D:14 |       0 |    3296 |   0.0 |       0 |       7 |   0.0 |   207
        Lair:1 |       0 |    3968 |   0.0 |       0 |      22 |   0.0 |   836
        Lair:2 |       0 |     973 |   0.0 |       0 |       4 |   0.0 |   788
        Lair:3 |       0 |    6909 |   0.0 |       0 |      19 |   0.0 |  1116
        Lair:4 |       0 |    3836 |   0.0 |       0 |      20 |   0.0 |   973
        Lair:5 |       0 |   11980 |   0.0 |       0 |      59 |   0.0 |  1374
        Lair:6 |       0 |   16871 |   0.0 |       0 |      60 |   0.0 |  1789
           Lab |       0 |    1078 |   0.0 |       0 |       1 |   0.0 |   203
       Volcano |       0 |    4181 |   0.0 |       0 |      20 |   0.0 |   652
               +---------+---------+-------+---------+---------+-------+---------
